 Dungeon Crawl Stone Soup version 0.32-a0-834-geaf45d8e21 (webtiles) character file.

Game seed: 11066068473281761165

1017 Mesmaeker13 the Trooper (level 8, -1/65 HPs)
             Began as a Barachi Hunter on Mar 25, 2024.
             Succumbed to a gnoll sergeant's poison
             ... on level 5 of the Dungeon.
             The game lasted 00:13:28 (5386 turns).

Mesmaeker13 the Trooper (Barachi Hunter)            Turns: 5386, Time: 00:13:29

Health: -1/65      AC:  7    Str: 13    XL:     8   Next: 22%
Magic:  8/8        EV: 12    Int:  9    God:
Gold:   238        SH:  0    Dex: 18    Spells: 4/7 levels left

rFire   . . .        a - +0 shortbow
rCold   . . .        (shield currently unavailable)
rNeg    . . .        n - +0 ring mail
rPois   +            (no helmet)
rElec   .            h - +0 cloak
rCorr   +            B - +0 pair of gloves
SInv    .            (no boots)
Will    .....        y - amulet of regeneration
Stlth   +            j - ring of poison resistance
HPRegen 1.10/turn    t - ring of resist corrosion
MPRegen 0.11/turn

%: no passive effects
@: brilliant, lethally poisoned (-1 -> -8), unable to hop, slow
A: amphibious, slowness 1, strong legs 1, +LOS
a: Hop


You were on level 5 of the Dungeon.
You visited 2 branches of the dungeon, and saw 8 of its levels.

You collected 238 gold pieces.

Inventory:

Hand Weapons
 a - a +0 shortbow (weapon)
 r - a +0 long sword
Missiles
 A - 3 poisoned darts
Armour
 h - a +0 cloak (worn)
 k - the -2 pair of boots "Naveilo" {rC+ Will+}
   (You found it on level 2 of the Dungeon)

   rC+:       It protects you from cold.
   Will+:     It increases your willpower.
 n - a +0 ring mail (worn)
 B - a +0 pair of gloves (worn)
Jewellery
 j - a ring of poison resistance (left hand)
 o - a +6 ring of strength
 q - a ring of wizardry
 t - a ring of resist corrosion (right hand)
 y - an amulet of regeneration (around neck)
 z - an amulet of faith
Wands
 e - a wand of charming (3)
 l - a wand of flame (6)
Scrolls
 b - a scroll of butterflies
 f - a scroll of enchant armour
 m - a scroll of poison
 v - a scroll of blinking
 w - a scroll of amnesia
 x - a scroll of noise
Potions
 c - 2 potions of lignification
 d - a potion of berserk rage
 g - a potion of resistance
 i - a potion of mutation
 p - a potion of haste {unknown}
 u - a potion of brilliance


   Skills:
 + Level 6.5 Fighting
 + Level 6.4 Ranged Weapons
 + Level 5.8 Dodging
 - Level 0.9 Stealth
 + Level 3.0 Evocations


You had 4 spell levels left.
You knew the following spells:

 Your Spells              Type           Power      Damage    Failure   Level
a - Fugue of the Fallen   Necr           0%         N/A       95%         3

Your spell library contained the following spells:

 Spells                   Type           Power      Damage    Failure   Level
 Apportation              Tloc           0%         N/A       65%         1
 Necrotise                Necr           0%         1d4       65%         1
 Sting                    Conj/Alch      0%         1d3       65%         1
 Summon Small Mammal      Summ           0%         N/A       65%         1
 Blink                    Tloc           0%         N/A       80%         2
 Lesser Beckoning         Tloc           0%         N/A       80%         2
 Mercury Vapours          Alch/Air       0%         N/A       80%         2
 Momentum Strike          Conj/Tloc      0%         3d8       80%         2
 Ozocubu's Armour         Ice            0%         N/A       95%         3
 Anguish                  Hex/Necr       0%         N/A       100%        4
 Brom's Barrelling Bould  Conj/Erth      0%         2d3       100%        4
 Cause Fear               Hex            0%         N/A       100%        4
 Manifold Assault         Tloc           0%         N/A       100%        4
 Olgreb's Toxic Radiance  Alch           0%         N/A       100%        4
 Fireball                 Conj/Fire      0%         3d3       100%        5
 Iskenderun's Battlesphe  Conj           0%         2d6       100%        5
 Conjure Ball Lightning   Conj/Air       0%         3x3d6     100%        6
 Enfeeble                 Hex            0%         N/A       100%        7
 Orb of Destruction       Conj           0%         9d5       100%        7


Dungeon Overview and Level Annotations

Branches:
Dungeon (7/15)             Temple (1/1) D:5

Altars:
Ashenzari
Dithmenos
Fedhas
Gozag
Kikubaaqudgha
Ru
Trog
Uskayaw
Wu Jian
Yredelemnul
Zin
The Shining One

Annotations:
D:6 Eustachio
D:7 Dowan, Duvessa


Innate Abilities, Weirdness & Mutations

You are amphibious.
You cover ground slowly.
You can hop short distances.
You have an extended range of vision and can be seen from far away.


Message History

You feel sick.
The gnoll sergeant hits you from afar with a +2 spear of venom!
Aiming: Throw Flame
Press: ? - help, Shift-Dir - straight line, f/p - gnoll sergeant
Aim: a gnoll sergeant, wielding a +2 spear of venom and wearing a +0 ring mail (severely wounded, 79% to hit)
The puff of flame hits the gnoll sergeant but does no damage.
The gnoll sergeant is severely wounded.
You feel sick.
You are no longer poisoned.
The gnoll sergeant hits you from afar with a +2 spear of venom.
* * * LOW HITPOINT WARNING * * *
You are poisoned.
Aiming: Throw Flame
Press: ? - help, Shift-Dir - straight line, f/p - gnoll sergeant
Aim: a gnoll sergeant, wielding a +2 spear of venom and wearing a +0 ring mail (severely wounded, 79% to hit)
The puff of flame hits the gnoll sergeant.
The gnoll sergeant is severely wounded.
You feel very sick. The gnoll sergeant barely misses you.
Aiming: Throw Flame
Press: ? - help, Shift-Dir - straight line, f/p - gnoll sergeant
Aim: a gnoll sergeant, wielding a +2 spear of venom and wearing a +0 ring mail (severely wounded, 79% to hit)
The puff of flame hits the gnoll sergeant.
The gnoll sergeant is almost dead.
You feel very sick.
The gnoll sergeant hits you from afar with a +2 spear of venom!
* * * LOW HITPOINT WARNING * * *
You are lethally poisoned!
Aiming: Throw Flame
Press: ? - help, Shift-Dir - straight line, f/p - gnoll sergeant
Aim: a gnoll sergeant, wielding a +2 spear of venom and wearing a +0 ring mail (almost dead, 79% to hit)
The puff of flame hits the gnoll sergeant.
You kill the gnoll sergeant!
* * * LOW HITPOINT WARNING * * *
You feel very sick.
Your Evocations skill increases to level 3!
Okay, then.
It was a potion of brilliance.
You feel clever all of a sudden.
You die...

#..#..## ###................##
.....########..>##.(...##.....##
......>.......#################
..###.###################### .##
#....).................. .#
###############......... .#
###..######## .# #######...## ##
####....).@###########
.######....####### ##......##
........#### ##........##
..####### #..........#
........### #..........#
.#..#.....# #..........#
##..#~~~..# #..........#
#.##~~~~.## #..........#
#.##~~~†..# ##..>.....##


There were no monsters in sight!

Vanquished Creatures
  2 centaurs
  A gnoll sergeant (D:5)
  A scorpion (D:5)
  A wight (D:7)
  A howler monkey (D:6)
  A bombardier beetle (D:5)
  A jelly (D:6)
  3 hounds
  2 iguanas
  Terence (D:2)
  Natasha (thrice) (D:2)
  An orc wizard (D:4)
  5 gnolls
  2 river rats (D:5)
  5 adders
  A white imp (D:5)
  An ufetubus (D:6)
  5 dart slugs
  2 ribbon worms (D:2)
  9 orcs
  9 ball pythons
  7 bats
  6 endoplasms
  4 giant cockroaches
  6 goblins
  9 hobgoblins
  5 jackals
  11 kobolds
  6 quokkas
  5 frilled lizards
  12 rats
128 creatures vanquished.

Vanquished Creatures (collateral kills)
  A wight (D:7)
1 creature vanquished.

Vanquished Creatures (others)
  A wight (D:7)
  An orc priest (D:6)
  An iguana (D:7)
3 creatures vanquished.

Grand Total: 132 creatures vanquished

Notes
Turn   | Place    | Note
-------+----------+-------------------------------------------
     0 | D:1      | Mesmaeker13 the Barachi Hunter began the quest for the Orb.
     0 | D:1      | Reached XP level 1. HP: 17/17 MP: 1/1
   112 | D:1      | Reached XP level 2. HP: 23/23 MP: 2/2
   274 | D:1      | Reached XP level 3. HP: 29/29 MP: 3/3
   972 | D:2      | Noticed Natasha
   978 | D:2      | Killed Natasha
   979 | D:2      | Reached XP level 4. HP: 37/37 MP: 4/4
  1000 | D:2      | Noticed Natasha
  1019 | D:2      | Killed Natasha
  1356 | D:2      | Identified the -2 pair of boots "Naveilo" {rC+ Will+}
  1404 | D:2      | Noticed Natasha
  1411 | D:2      | Reached XP level 5. HP: 32/42 MP: 5/5
  1611 | D:2      | Killed Natasha
  1680 | D:2      | Noticed Terence
  1701 | D:2      | Killed Terence
  1702 | D:2      | Reached skill level 5 in Ranged Weapons
  2173 | D:3      | Found a blossoming altar of Fedhas.
  2618 | D:3      | Reached XP level 6. HP: 46/49 MP: 6/6
  3279 | D:3      | Reached skill level 5 in Fighting
  3774 | D:5      | Entered Level 5 of the Dungeon
  4065 | D:5      | Identified the +0 pair of gloves of the Eight Boll Weevils
                  | {*Slow Str+4 Stlth+}
  4222 | D:5      | Reached XP level 7. HP: 56/56 MP: 7/7
  4369 | D:6      | Learned a level 3 spell: Fugue of the Fallen
  4419 | D:6      | Reached skill level 5 in Dodging
  4493 | D:6      | Reached skill level 1 in Evocations
  4494 | D:6      | HP: 2/57 [orc priest/divine providence (11)]
  4634 | D:6      | Noticed Eustachio
  5000 | D:7      | Reached XP level 8. HP: 64/64 MP: 8/8
  5011 | D:7      | Noticed Duvessa
  5012 | D:7      | Noticed Dowan
  5216 | D:5      | Found a staircase to the Ecumenical Temple.
  5236 | Temple   | Entered the Ecumenical Temple
  5385 | D:5      | HP: 1/65 [poisoned by a gnoll sergeant]
  5386 | D:5      | Succumbed to a gnoll sergeant's poison

Illustrated notes

Levels and vault maps discovered:
D:1:      ncdulo_watergridlock, layout_basic
D:2:      layout_loops_ring, uniq_terence, uniq_natasha
D:3:      minmay_bubble_buster, layout_basic, fedhas_altar_2
D:4:      layout_loops_ring
D:5:      layout_rooms, minmay_temple_entry_nine_rooms, portal_sewer_entry_b
D:6:      layout_loops_corners, fiery_altar_vehumet, uniq_eustachio
D:7:      layout_cave_pools, hangedman_abyss_or_decor_slice,
          minmay_shop_grid_forest, nrook_uturn, kennysheep_path_1,
          small_statue_intersection, uniq_duvessa
Temple:   jpeg_temple_clearing

Skill      XL: |  1  2  3  4  5  6  7  8 |
---------------+-------------------------+-----
Fighting       | 3 4 5 6 |  6.5
Dodging        | 3 4 5 |  5.8
Ranged Weapons | 5 6 |  6.4
Evocations     | 2 3 |  3.0
Stealth        | |  0.9

Action                     |  1- 3 |  4- 6 |  7- 9 || total
---------------------------+-------+-------+-------++-------
  Melee: Long sword        |       |       |    26 ||    26
   Fire: Shortbow          |    95 |   286 |    83 ||   464
Ability: Hop               |       |     8 |     1 ||     9
  Evoke: Wand              |       |    18 |    21 ||    39
    Use: Scroll            |     3 |     5 |     5 ||    13
         Potion            |       |     2 |     5 ||     7
   Stab: Invisible         |       |       |     1 ||     1
 Armour: Leather armour    |    19 |    46 |       ||    65
         Ring mail         |       |    99 |   118 ||   217
  Dodge: Dodged            |    11 |   118 |   147 ||   276

Table legend: (Time is in decaauts)
 A = Elapsed time spent in this place.
 B = Non-inter-level travel time spent in this place.
 C = Inter-level travel time spent in this place.
 D = Time resting spent in this place.
 E = Time spent auto-exploring this place.
 F = Levels seen in this place.
 G = Mean time per level.
                   A        B        C        D        E       F      G
               +--------+--------+--------+--------+--------+-----+--------+
         Total |   6291 |   5799 |    492 |    434 |   3793 |   8 |  786.4 |
       Dungeon |   6232 |   5740 |    492 |    434 |   3793 |   7 |  890.3 |
        Temple |     59 |     59 |      0 |      0 |      0 |   1 |   59.0 |
               +--------+--------+--------+--------+--------+-----+--------+

Top non-repeatable levels by time:
     D:3: 1336 daAuts
     D:1: 1213 daAuts
     D:2: 1210 daAuts
     D:4: 888 daAuts
     D:5: 700 daAuts
     D:6: 534 daAuts
     D:7: 346 daAuts
  Temple: 59 daAuts
